 Dungeon Crawl Stone Soup version 0.29.0-10-g45618ea6d2 (webtiles) character file.

Game seed: 12209583153711274218

146 Ashen the Digger (level 5, -5/25 (41) HPs)
             Began as a Meteoran Earth Elementalist on Sept 1, 2022.
             Slain by a black bear (9 damage)
             ... on level 3 of the Dungeon.
             The game lasted 00:09:29 (2072 turns).

Ashen the Digger (Meteoran Earth Elementalist)      Turns: 2072, Time: 00:09:30

HP:   -5/25 (41)    AC:  6    Str: 10    XL:     5   Next: 84%
MP:   9/11          EV: 13    Int: 18    God:
Gold: 145           SH:  0    Dex: 14    Spells: 1/11 levels left

rFire   . . .      SeeInvis .   m - +0 dagger (venom)
rCold   . . .      Faith    .   (no shield)
rNeg    . . .      Spirit   .   a - +0 robe
rPois   .          Reflect  .   (no helmet)
rElec   .          Harm     .   (no cloak)
rCorr   .          Rampage  .   (no gloves)
Will    +....                   (no boots)
Stlth   +.........              (no amulet)
HPRegen 0.08/turn               e - ring of willpower
MPRegen 0.12/turn               k - +4 ring of protection

@: glowing, very heavily drained
A: sense surroundings 1, otherworldly, glowing, explore regen
a: no special abilities


You were on level 3 of the Dungeon.
You visited 1 branch of the dungeon, and saw 4 of its levels.

You collected 145 gold pieces.

Inventory:

Hand Weapons
 c - a +0 mace
 i - a +2 short sword of draining
 m - a +0 dagger of venom (weapon)
Armour
 a - a +0 robe (worn)
Jewellery
 e - a ring of willpower (left hand)
 k - a +4 ring of protection (right hand)
 q - a +6 ring of dexterity
Scrolls
 d - a scroll of immolation {unknown}
 f - a scroll of teleportation {unknown}
 g - 5 scrolls of identify {unknown}
 l - a scroll of amnesia {unknown}
 o - a scroll of vulnerability {unknown}
 p - 2 scrolls of enchant armour {unknown}
Potions
 b - a potion of magic
 h - 2 potions of mutation {unknown}
 j - 3 potions of berserk rage {unknown}
 n - 2 potions of brilliance {unknown}


   Skills:
 + Level 1.9 Fighting
 + Level 3.1 Dodging
 + Level 2.2 Stealth
 + Level 3.5 Spellcasting
 - Level 2.0 Transmutations
 + Level 4.7 Earth Magic


You had one spell level left.
You knew the following spells:

 Your Spells              Type           Power      Damage    Failure   Level
a - Sandblast             Erth           40%        2d10      2%          1
b - Passwall              Tmut/Erth      12%        N/A       6%          2
c - Stone Arrow           Conj/Erth      22%        3d8       17%         3
d - Petrify               Tmut/Erth      15%        N/A       36%         4

Your spell library contained the following spells:

 Spells                   Type           Power      Damage    Failure   Level
 Magic Dart               Conj           12%        1d3       16%         1
 Slow                     Hex            12%        N/A       16%         1
 Searing Ray              Conj           6%         2d4       24%         2
 Confusing Touch          Hex            3%         N/A       43%         3
 Vampiric Draining        Necr           3%         2d6       43%         3
 Fulminant Prism          Conj/Hex       1%         3d6       83%         4


Dungeon Overview and Level Annotations

Branches:
Dungeon (4/15) Zot: 680
 Temple: D:4-7

Altars:
Cheibriados
Qazlal
Sif Muna
Wu Jian

Annotations:
D:3 Ijyb


Innate Abilities, Weirdness & Mutations

You passively map a small area around you.
You are easily found by Zot.
You glow in the dark.
You regain HP and MP as you explore.


Message History

Casting: Sandblast (safe; 2% risk of failure)
Confirm with . or Enter, or press ? or * to list all spells.
Aiming: Sandblast (safe; 2% risk of failure)
Press: ? - help, Shift-Dir - straight line, f - black bear
Aim: a black bear (87% to hit)
The blast of sand misses the black bear.
An adder comes into view.
Casting: Sandblast (safe; 2% risk of failure)
Confirm with . or Enter, or press ? or * to list all spells.
Aiming: Sandblast (safe; 2% risk of failure)
Press: ? - help, Shift-Dir - straight line, f/p - black bear
Aim: a black bear (87% to hit)
The blast of sand hits the black bear!
The black bear is heavily wounded.
The adder hisses angrily.
You hit the black bear.
The black bear is poisoned.
The black bear is heavily wounded.
The black bear misses you. The black bear barely misses you.
The black bear claws you but does no damage.
You hit the black bear.
The black bear looks as sick as possible!
The black bear is severely wounded.
The black bear bites you but does no damage.
The black bear closely misses you.
The black bear claws you but does no damage.
The black bear goes berserk!
The adder misses you.
You climb upwards.
Level annotation: Ijyb
There is a stone staircase leading down here.
You barely miss the black bear.
The black bear is severely wounded.
The black bear bites you. The black bear barely misses you.
The black bear claws you. The black bear bites you!
* * * LOW HITPOINT WARNING * * *
The black bear claws you but does no damage.
The black bear claws you.
* * * LOW HITPOINT WARNING * * *
The black bear attacks as you move away!
The black bear bites you!
You die...

#....#...†...##......# #.#####.#
##...#.....##.#......####.# #..
#.....(#..##......#.....).#####.#
..##...#.....##...#...#.........#
.####......#.##.#####.....#####.#
.# ##.#.....##...#...#..........
.# #...##..#....#.####.######.#
.# #.#.......#.h..####.# #.# .#
#.##.#..#..@#.......# #.# .#
#.####..##.##.####### #.# )# #..
.......##.# #.#
.##########..#####.# #.#
.............# #.# #.#
.##########.## #.# #.# ........
..* #.# #.# .####### * #.# #.# .#
##### #.# #.#


You could see a black bear (berserk, extremely poisoned).

Vanquished Creatures
  Terence (D:3)
  4 adders
  An ufetubus (D:3)
  3 dart slugs
  An orc (D:3)
  7 endoplasms
  3 giant cockroaches
  7 goblins
  7 hobgoblins
  4 jackals (D:3)
  5 quokkas
  4 ball pythons
  5 bats
  3 frilled lizards
  6 kobolds
  11 rats
72 creatures vanquished.

Notes
Turn   | Place    | Note
-------+----------+-------------------------------------------
     0 | D:1      | Ashen the Meteoran Earth Elementalist began the quest for
                  | the Orb.
     0 | D:1      | Reached XP level 1. HP: 14/14 MP: 5/5
   103 | D:1      | Reached XP level 2. HP: 20/20 MP: 4/6
   195 | D:1      | Reached skill level 4 in Earth Magic
   323 | D:1      | Reached XP level 3. HP: 25/26 MP: 8/8
   482 | D:1      | Found a faded altar of an unknown god.
   484 | D:1      | Glimpsed the power of Zot.
   534 | D:1      | Glimpsed the power of Zot.
   574 | D:1      | Glimpsed the power of Zot.
   583 | D:1      | Touched by the power of Zot.
   684 | D:1      | Glimpsed the power of Zot.
   733 | D:1      | Glimpsed the power of Zot.
   773 | D:1      | Glimpsed the power of Zot.
   783 | D:1      | Touched by the power of Zot.
   884 | D:1      | Glimpsed the power of Zot.
   917 | D:2      | Reached XP level 4. HP: 13/13 MP: 5/9
  1012 | D:2      | Reached skill level 1 in Fighting
  1330 | D:2      | Reached XP level 5. HP: 6/20 MP: 7/10
  1441 | D:3      | Learned a level 2 spell: Passwall
  1445 | D:3      | Learned a level 3 spell: Stone Arrow
  1450 | D:3      | Learned a level 4 spell: Petrify
  1480 | D:3      | Found a shimmering blue altar of Sif Muna.
  1487 | D:3      | Found a snail-covered altar of Cheibriados.
  1505 | D:3      | Found an ornate altar of the Wu Jian Council.
  1555 | D:3      | Found a stormy altar of Qazlal.
  1728 | D:3      | Noticed Ijyb
  1978 | D:3      | Noticed Terence
  1992 | D:3      | Killed Terence
  2053 | D:3      | Glimpsed the power of Zot.
  2063 | D:4      | Noticed a black bear
  2069 | D:4      | Noticed an ogre
  2072 | D:3      | Slain by a black bear

Illustrated notes

Levels and vault maps discovered:
D:1:      heliophobic_arrival_dark_side_of_the_moon, layout_loops_corners,
          shapermc_ecumenical_altar_pompeii, chequers_serial_rivers_small_b
D:2:      layout_loops_cross, st_stairs_4, grunt_ministairs_1,
          minmay_quadrilaterals
D:3:      layout_loops_ring, mainiacjoe_overflow_big_doors, old_standard_altar,
          nicolae_qazlal_eye_of_the_storm, serial_park_tiny_2,
          nrook_mini_backslash, uniq_terence, uniq_ijyb
D:4:      nicolae_cairo_tiling_large_dashed, layout_rooms, kennysheep_mini_moat,
          corner_web_ring

Skill      XL: |  1  2  3  4  5 |
---------------+----------------+-----
Earth Magic    | 4 |  4.7
Spellcasting   | 3 |  3.5
Fighting       | 1 |  1.9
Stealth        | 2 |  2.2
Transmutations | 2 |  2.0
Dodging        | 3 |  3.1

Action                   |  1- 3 |  4- 6 || total
-------------------------+-------+-------++-------
Melee: Mace              |     8 |       ||     8
       Dagger            |       |    19 ||    19
 Cast: Sandblast         |    36 |    55 ||    91
 Stab: Sleeping          |     1 |       ||     1
Armor: Robe              |     3 |     8 ||    11
Dodge: Dodged            |    11 |    17 ||    28
